cohdb
Replays
Latest Replays
All Replays
Popular Replays
Top Player Replays
Match Explorer
How It Works
Community
CoH3 Stats
Reddit
Sign in to upload your games and track your stats! →
Sign in with Steam
Match 38343016
Unlisted
Match 38343016
Overview
Messages
Build Orders
End
Selects Airborne Battlegroup
Selects Heavy Machine Gun Paradrop
Heavy Machine Gun Paradrop
Scout Squad
Heavy Machine Gun Paradrop
Infantry Support Center
Construct Weapon Support Center
M3 Armored Personnel Carrier
Selects Paratrooper Squad Paradrop
Paratrooper Squad Paradrop
Paratrooper Squad Paradrop
Engineer Squad
Construct Medical Station
Construct Tank Depot
Mortar Pit
Selects Recon Loiter
Selects Supply Drop
Supply Drop
Recon Loiter
M4A1 Sherman Medium Tank
Recon Loiter
M4A1 Sherman Medium Tank
*Mule
CAuMOH
Alfonso
KevinTDW
0
0
Comments
sign in to comment!
No comments posted yet!